[Event "DFMMLV 2019"]
[Site "Braunfels"]
[Date "2019.06.23"]
[Round "5.29"]
[White "Schmidt, Andrea"]
[Black "Dietrich, Mareike"]
[Result "1/2-1/2"]
[ECO "B85"]
[WhiteElo "2006"]
[BlackElo "1706"]
[Annotator "NA"]
[PlyCount "132"]
[EventDate "2019.06.20"]
[EventType "team-tourn"]
[EventCountry "GER"]
[SourceTitle "playchess.com"]
[Source "ChessBase"]
[SourceQuality "1"]
[WhiteTeam "NRW"]
[BlackTeam "Thueringen"]
[TimeControl "40/5400+30:1800+30"]

1. e4 c5 2. Nf3 d6 3. d4 cxd4 4. Nxd4 Nf6 5. Nc3 a6 6. Be2 e6 7. O-O Nbd7 8. Be3 b5 9. a3 Bb7 10. f3 {[%emt 0:04:10] B84: Sicilian Scheveningen: 6 Be2 a6, lines without early Be3} (10. Bd3 Be7 11. Qf3 O-O 12. Qg3 Nc5 13. Bh6 Ne8 14. Bd2 Rc8 15. Rad1 Qc7 16. Rfe1 Nxd3 17. cxd3 Kh8 {0-1 (71) Sevian,S (2556)-Huschenbeth,N (2541) Las Vegas 2015}) 10... Rc8 11. Kh1 d5 $146 ({Predecessor:} 11... Be7 12. g4 h6 13. Qd2 Ne5 14. b3 Nexg4 15. fxg4 Rxc3 16. Rxf6 Rxe3 17. Rxf7 Rxe4 {0-1 (29) Savic,M (2264)-Djurovic,G (2353) Vukovar 2011}) 12. exd5 Nxd5 13. Nxd5 Bxd5 14. c3 Nf6 15. a4 e5 16. Nc2 Bb3 17. axb5 Qxd1 18. Bxd1 Bc4 19. Re1 axb5 20. Bd4 Nd7 21. Bxe5 Nxe5 22. Rxe5+ Kd8 23. Nd4 Bd6 24. Re1 Kd7 25. Bc2 Rc5 26. g3 g6 27. Ra7+ Rc7 28. Rxc7+ Bxc7 29. b3 Bd5 30. Kg2 Rb8 31. Bd3 Bc6 32. Re7+ Kxe7 33. Nxc6+ Kd6 34. Nxb8 Bxb8 35. Bxb5 Kc5 36. Be8 Be5 37. c4 f6 38. f4 Bc3 39. Kf3 Kd4 40. Kg4 Ke4 41. Bc6+ Ke3 42. h4 Be1 43. Bd5 Kd4 44. Bc6 $2 ({White should play} 44. Bf7 $18) 44... Ke3 $1 45. Kh3 Kd4 46. Be8 Ke4 47. h5 (47. Bf7 $18) 47... g5 $2 {[%emt 0:00:00] [#]} (47... gxh5 $16 {is tougher.} 48. Bxh5 Kd4) 48. Bg6+ $1 Kf3 49. g4 $4 (49. fxg5 $18 fxg5 50. Bxh7 g4+ 51. Kh4) 49... h6 $16 (49... hxg6 {mates} 50. hxg6 f5 51. Kh2 Bc3 52. Kg1 fxg4 53. g7 Bxg7 54. Kf1 Bc3 55. Kg1 g3 56. Kh1 Bd4 57. f5 g2+ 58. Kh2 g1=Q+ 59. Kh3 Qh1#) 50. f5 Bb4 51. Be8 Kf4 52. Bc6 Bc5 53. Bg2 Bb4 54. Bf1 Kf3 55. Bd3 Bd6 56. Bc2 Kf4 57. Bd1 Ke4 58. Kg2 Ke3 59. Kf1 Kd2 60. Bf3 Ke3 61. Be2 Bb4 62. c5 Bxc5 63. Ke1 Bb4+ 64. Kd1 Bd2 65. Bc4 Bb4 66. Be2 Bd2 1/2-1/2

[Event "DFMMLV 2019"]
[Site "Braunfels"]
[Date "2019.06.23"]
[Round "5.30"]
[White "Schulz, Theresa Charlotte"]
[Black "Hiebsch, Catalina"]
[Result "1-0"]
[ECO "C44"]
[WhiteElo "1603"]
[BlackElo "1760"]
[Annotator "NA"]
[PlyCount "87"]
[EventDate "2019.06.20"]
[EventType "team-tourn"]
[EventCountry "GER"]
[SourceTitle "playchess.com"]
[Source "ChessBase"]
[SourceQuality "1"]
[WhiteTeam "Thueringen"]
[BlackTeam "NRW"]
[TimeControl "40/5400+30:1800+30"]

1. e4 e5 2. Nf3 Nc6 3. d4 exd4 4. Bc4 Nf6 5. e5 d5 6. Bb5 Nd7 7. O-O Be7 8. Bxc6 bxc6 9. Nxd4 Nb8 10. Bf4 O-O 11. Nd2 c5 12. N4f3 Be6 13. h3 Nd7 14. Nb3 Nb6 15. Nfd2 a5 16. c3 a4 17. Nc1 c6 18. Re1 Qd7 19. Bg3 d4 20. Nf3 Rfd8 21. Ne2 d3 22. Nf4 Nc4 23. Nxe6 fxe6 24. Rb1 Rab8 25. b3 Na3 26. Rb2 c4 27. Nd2 cxb3 28. axb3 Nc2 29. Re4 a3 30. Ra2 Qd5 31. c4 Qd7 32. Bh4 Bxh4 33. Rxh4 Qe7 34. Qh5 g6 35. Qh6 Nd4 36. Ne4 Rb7 37. Nf6+ Kh8 38. Qxg6 Ne2+ 39. Kf1 Nc3 40. Rxh7+ Qxh7 41. Nxh7 Rxb3 42. Kg1 Ne2+ 43. Kh2 Nc1 44. Nf6 1-0

[Event "DFMMLV 2019"]
[Site "Braunfels"]
[Date "2019.06.23"]
[Round "5.31"]
[White "Hoerhold, Karola"]
[Black "Neumann, Tina"]
[Result "0-1"]
[ECO "B01"]
[WhiteElo "1727"]
[BlackElo "1525"]
[Annotator "NA"]
[PlyCount "147"]
[EventDate "2019.06.20"]
[EventType "team-tourn"]
[EventCountry "GER"]
[SourceTitle "playchess.com"]
[Source "ChessBase"]
[SourceQuality "1"]
[WhiteTeam "NRW"]
[BlackTeam "Thueringen"]
[TimeControl "40/5400+30:1800+30"]

1. e4 d5 2. exd5 Qxd5 3. Nc3 Qa5 4. Nf3 Nf6 5. b4 Qxb4 6. a4 c6 7. Bd3 Qa5 8. O-O Bg4 9. h3 Bh5 10. Rb1 Qc7 11. Re1 e6 12. Bf1 Bc5 13. Bb2 Qg3 14. d4 Bxf3 15. fxg3 Bxd1 16. Nxd1 Bd6 17. Re3 O-O 18. c4 c5 19. d5 exd5 20. cxd5 b6 21. Nc3 c4 22. Kh1 Bb4 23. Bxc4 Rc8 24. Bb3 Nbd7 25. Nb5 a6 26. Nd4 Nc5 27. Nc6 Nxb3 28. Nxb4 Nd2 29. Rd1 Nc4 30. Re2 Nxb2 31. Rxb2 Rd8 32. Rbd2 Ne4 33. Rb2 Nc3 34. Rd4 a5 35. Nc6 Rd6 36. Rbd2 Kf8 37. R2d3 Ne2 38. Re4 Rxd5 39. Rxd5 Nxg3+ 40. Kg1 Nxe4 41. Ne5 Ke8 42. Nc4 Nf6 43. Re5+ Kd8 44. Nxb6 Rb8 45. Rb5 Nd7 46. Nc4 Rxb5 47. axb5 a4 48. Kf2 Kc7 49. Ke2 f6 50. Kd1 Ne5 51. Na3 Kb6 52. Kc2 Kc5 53. Kc3 Nd7 54. g4 g6 55. Kb2 Nb6 56. Kc3 Nd5+ 57. Kb2 Kb4 58. h4 f5 59. gxf5 gxf5 60. Nc2+ Kc5 61. Ka3 f4 62. Kxa4 Nc3+ 63. Kb3 Nxb5 64. Ne1 Kd4 65. Kc2 Nd6 66. Kd2 Ke4 67. Ke2 Nf5 68. Nf3 Nd4+ 69. Nxd4 Kxd4 70. Kf2 Ke4 71. Ke2 f3+ 72. Kf1 Ke3 73. h5 h6 74. Ke1 0-1

[Event "DFMMLV 2019"]
[Site "Braunfels"]
[Date "2019.06.23"]
[Round "5.32"]
[White "Meyer, Jessica"]
[Black "Haehnel, Andrea"]
[Result "1/2-1/2"]
[ECO "A00"]
[WhiteElo "1344"]
[BlackElo "1746"]
[Annotator "NA"]
[PlyCount "143"]
[EventDate "2019.06.20"]
[EventType "team-tourn"]
[EventCountry "GER"]
[SourceTitle "playchess.com"]
[Source "ChessBase"]
[SourceQuality "1"]
[WhiteTeam "Thueringen"]
[BlackTeam "NRW"]
[TimeControl "40/5400+30:1800+30"]

1. a3 g6 2. e3 Bg7 3. Nf3 b6 4. d4 Bb7 5. c3 Nf6 6. Nbd2 d5 7. Bd3 Nbd7 8. Qc2 c5 9. b3 O-O 10. Bb2 Rc8 11. Rc1 cxd4 12. exd4 Re8 13. O-O a6 14. Rfe1 Qc7 15. Qb1 Qb8 16. Re2 Nh5 17. g3 e5 18. dxe5 Nxe5 19. Nxe5 Rxe5 20. Nf3 Rxe2 21. Bxe2 Nf6 22. Nd4 Qd6 23. a4 h5 24. h4 Bh6 25. Rd1 Ne4 26. Qd3 Bg7 27. Rc1 Re8 28. Kf1 Bc8 29. Kg2 Nc5 30. Qc2 Bxd4 31. cxd4 Ne4 32. Bf3 Bf5 33. Qc6 Qxc6 34. Rxc6 Re6 35. Rc8+ Kg7 36. Bxe4 Rxe4 37. Rc6 Re2 38. Ba1 Re1 39. Bb2 Be4+ 40. f3 Re2+ 41. Kf1 Bxf3 42. Ba3 Re6 43. Bd6 b5 44. Rxa6 bxa4 45. Be5+ Kh7 46. Rxa4 f6 47. Ra7+ Kg8 48. Bc7 Be2+ 49. Kf2 Bd3 50. Ra2 Rc6 51. Bf4 Rb6 52. Rb2 Kf7 53. Kf3 Ke6 54. g4 Rb4 55. Be3 Bc4 56. Bd2 Rxb3+ 57. Rxb3 Bxb3 58. Kf4 Bd1 59. gxh5 Bxh5 60. Be3 Be2 61. Bd2 Bd3 62. Be3 Kd6 63. Bd2 Kc6 64. Bb4 Kd7 65. Bd2 Ke7 66. Bb4+ Kf7 67. Bd2 Kg7 68. Be3 Be2 69. Bd2 Bd1 70. Bc1 Kh6 71. Kg3+ Kh5 72. Bd2 1/2-1/2

[Event "DFMMLV 2019"]
[Site "Braunfels"]
[Date "2019.06.23"]
[Round "5.33"]
[White "Rieseler, Caroline"]
[Black "Brandt, Carina"]
[Result "1-0"]
[ECO "C18"]
[WhiteElo "2111"]
[BlackElo "2085"]
[Annotator "NA"]
[PlyCount "79"]
[EventDate "2019.06.20"]
[EventType "team-tourn"]
[EventCountry "GER"]
[SourceTitle "playchess.com"]
[Source "ChessBase"]
[SourceQuality "1"]
[WhiteTeam "Hessen 1"]
[BlackTeam "Hamburg"]
[TimeControl "40/5400+30:1800+30"]

1. e4 e6 2. d4 d5 3. Nc3 Bb4 4. e5 c5 5. a3 Bxc3+ 6. bxc3 Ne7 7. Qg4 cxd4 8. Qxg7 Rg8 9. Qxh7 Qc7 10. Ne2 dxc3 11. f4 Nbc6 12. h4 Bd7 13. h5 O-O-O 14. Qd3 d4 15. Rg1 Rg4 16. g3 Nxe5 17. fxe5 Qxe5 18. Bf4 Qxh5 19. Qxd4 Nc6 20. Qxc3 e5 21. Be3 Be6 22. Rb1 Rc4 23. Qb2 Rd7 24. Bg2 Nd4 25. Bxd4 exd4 26. Bxb7+ Kd8 27. Be4 Qa5+ 28. Kf2 Bf5 29. Qb8+ Rc8 30. Qf4 Rc5 31. Rb8+ Ke7 32. Qg5+ Kd6 33. Qf6+ Kc7 34. Rb7+ Kc8 35. Rxd7 Bxe4 36. Qxd4 Rf5+ 37. Nf4 Bc6 38. Rxa7 Qb5 39. Rd1 Bd5 40. Qh8+ 1-0

[Event "DFMMLV 2019"]
[Site "Braunfels"]
[Date "2019.06.23"]
[Round "5.34"]
[White "Koellner, Felicitas Ophelia"]
[Black "Bluebaum, Johanna"]
[Result "1-0"]
[ECO "D04"]
[WhiteElo "1847"]
[BlackElo "2003"]
[Annotator "NA"]
[PlyCount "83"]
[EventDate "2019.06.20"]
[EventType "team-tourn"]
[EventCountry "GER"]
[SourceTitle "playchess.com"]
[Source "ChessBase"]
[SourceQuality "1"]
[WhiteTeam "Hamburg"]
[BlackTeam "Hessen 1"]
[TimeControl "40/5400+30:1800+30"]

1. d4 d5 2. Nf3 Nf6 3. e3 Bg4 4. h3 Bh5 5. g4 Bg6 6. Ne5 Nbd7 7. h4 Nxe5 8. dxe5 Nxg4 9. Qxg4 Bxc2 10. Nc3 e6 11. Qe2 Bf5 12. Qb5+ c6 13. Qxb7 Rc8 14. Bd2 Rc7 15. Qb3 Be7 16. h5 Qc8 17. Qa4 O-O 18. Be2 h6 19. Qf4 Kh8 20. O-O Qb8 21. b3 Rb7 22. Kh2 Rb4 23. Qg3 Bh4 24. Qg2 Qxe5+ 25. f4 Qb8 26. Na4 Rb7 27. Rg1 Bf6 28. Bc3 Qd8 29. Bxf6 Qxf6 30. Qg3 g6 31. Bg4 Rg8 32. Bxf5 Qxf5 33. hxg6 fxg6 34. Qg4 Qe4 35. Qh3 Re7 36. Rac1 e5 37. Nc5 Qb4 38. fxe5 Qd2+ 39. Kh1 Kh7 40. Nd7 Rgg7 41. Nf6+ Kh8 42. Qc8+ 1-0

[Event "DFMMLV 2019"]
[Site "Braunfels"]
[Date "2019.06.23"]
[Round "5.35"]
[White "Barpiyeva, Gulsana"]
[Black "Wulf, Constanze"]
[Result "1/2-1/2"]
[ECO "D47"]
[WhiteElo "2018"]
[BlackElo "1711"]
[Annotator "NA"]
[PlyCount "85"]
[EventDate "2019.06.20"]
[EventType "team-tourn"]
[EventCountry "GER"]
[SourceTitle "playchess.com"]
[Source "ChessBase"]
[SourceQuality "1"]
[WhiteTeam "Hessen 1"]
[BlackTeam "Hamburg"]
[TimeControl "40/5400+30:1800+30"]

1. d4 d5 2. c4 e6 3. e3 c6 4. Nf3 Nf6 5. Nc3 Nbd7 6. Bd3 dxc4 7. Bxc4 b5 8. Bd3 Bb7 9. a3 a6 10. b4 a5 11. Rb1 Qb8 12. O-O Be7 13. Qe2 O-O 14. e4 axb4 15. axb4 e5 16. h3 Re8 17. Be3 Bd6 18. Nh4 exd4 19. Bxd4 c5 20. bxc5 Bxc5 21. Bxc5 Nxc5 22. Bxb5 Re6 23. Bc4 Re8 24. f3 Qe5 25. Nb5 Ba6 26. Rfd1 Red8 27. Nf5 Bxb5 28. Rxb5 Rxd1+ 29. Qxd1 Ra1 30. Rb8+ Qxb8 31. Qxa1 Ncd7 32. Qd4 Qe5 33. Qxe5 Nxe5 34. Bb3 Nh5 35. Ne7+ Kf8 36. Nd5 Nd3 37. Kh2 Ne1 38. Bd1 Nd3 39. g3 g6 40. f4 Ng7 41. Bc2 Nc5 42. g4 Nge6 43. e5 1/2-1/2

[Event "DFMMLV 2019"]
[Site "Braunfels"]
[Date "2019.06.23"]
[Round "5.36"]
[White "Tobianski, Karina"]
[Black "Lukas, Anne"]
[Result "1-0"]
[ECO "B22"]
[WhiteElo "1680"]
[BlackElo "1842"]
[Annotator "NA"]
[PlyCount "67"]
[EventDate "2019.06.20"]
[EventType "team-tourn"]
[EventCountry "GER"]
[SourceTitle "playchess.com"]
[Source "ChessBase"]
[SourceQuality "1"]
[WhiteTeam "Hamburg"]
[BlackTeam "Hessen 1"]
[TimeControl "40/5400+30:1800+30"]

1. e4 c5 2. c3 g6 3. d4 cxd4 4. cxd4 d5 5. exd5 Nf6 6. Bb5+ Bd7 7. Bc4 a6 8. Nc3 b5 9. Bb3 b4 10. Nce2 Bb5 11. Nf3 Nxd5 12. O-O Bg7 13. Re1 O-O 14. Bg5 Re8 15. Qd2 Nc6 16. Rad1 Ra7 17. Bh6 Na5 18. Bxd5 Qxd5 19. Bxg7 Kxg7 20. Qxb4 Kg8 21. Nc3 Qb7 22. a4 Bc6 23. Qc4 Bxf3 24. gxf3 Rc8 25. Qe2 Rc6 26. d5 Rf6 27. Ne4 Rf5 28. d6 exd6 29. Rxd6 Qb4 30. Qd2 Qb7 31. Qc3 Qe7 32. Red1 Qg5+ 33. Ng3 Kf8 34. R1d4 1-0

[Event "DFMMLV 2019"]
[Site "Braunfels"]
[Date "2019.06.23"]
[Round "5.37"]
[White "Frank, Michelle Viviane"]
[Black "Neumann, Ramona"]
[Result "1-0"]
[ECO "C00"]
[WhiteElo "1915"]
[BlackElo "1709"]
[Annotator "NA"]
[PlyCount "65"]
[EventDate "2019.06.20"]
[EventType "team-tourn"]
[EventCountry "GER"]
[SourceTitle "playchess.com"]
[Source "ChessBase"]
[SourceQuality "1"]
[WhiteTeam "Hessen 1"]
[BlackTeam "Hamburg"]
[TimeControl "40/5400+30:1800+30"]

1. e4 e6 2. d4 d5 3. Nc3 Bb4 4. e5 Ne7 5. a3 Bxc3+ 6. bxc3 c5 7. Qg4 O-O 8. Bd3 c4 9. Be2 Nd7 10. Nf3 f5 11. Qh3 Qe8 12. Ng5 Qg6 13. f4 Qh6 14. Qxh6 gxh6 15. Nxe6 Rf7 16. Bh5 Ng6 17. Nc7 Nb6 18. Nxa8 Nxa8 19. a4 b6 20. O-O Nc7 21. g3 Ne6 22. Bf3 Bb7 23. a5 b5 24. a6 Bc6 25. Ba3 Rg7 26. Kf2 Ngf8 27. Bd6 Nd7 28. Rfb1 Nb6 29. Ra5 Be8 30. Rbxb5 Bxb5 31. Rxb5 Rd7 32. Rxb6 axb6 33. Bxd5 1-0

[Event "DFMMLV 2019"]
[Site "Braunfels"]
[Date "2019.06.23"]
[Round "5.38"]
[White "Hoefner, Nina"]
[Black "Werner, Rosalie"]
[Result "1/2-1/2"]
[ECO "C14"]
[WhiteElo "1557"]
[BlackElo "1610"]
[Annotator "NA"]
[PlyCount "49"]
[EventDate "2019.06.20"]
[EventType "team-tourn"]
[EventCountry "GER"]
[SourceTitle "playchess.com"]
[Source "ChessBase"]
[SourceQuality "1"]
[WhiteTeam "Hamburg"]
[BlackTeam "Hessen 2"]
[TimeControl "40/5400+30:1800+30"]

1. e4 e6 2. d4 d5 3. Nc3 Nf6 4. Bg5 Be7 5. e5 Nfd7 6. Bxe7 Qxe7 7. f4 a6 8. Nf3 c5 9. dxc5 Nxc5 10. Be2 Nc6 11. Qd2 b5 12. a3 Bb7 13. b4 Nd7 14. O-O Rc8 15. Nd4 g6 16. Rac1 O-O 17. Nd1 f6 18. exf6 Qxf6 19. Nxc6 Rxc6 20. Ne3 Qc3 21. Qd3 Rfc8 22. Rfd1 Nf8 23. Ng4 Qb2 24. Ne3 Qf6 25. Qd4 1/2-1/2

[Event "DFMMLV 2019"]
[Site "Braunfels"]
[Date "2019.06.23"]
[Round "5.39"]
[White "Pralle, Katharina"]
[Black "Reich, Kristina"]
[Result "1/2-1/2"]
[ECO "A34"]
[WhiteElo "1971"]
[BlackElo "1544"]
[Annotator "NA"]
[PlyCount "52"]
[EventDate "2019.06.20"]
[EventType "team-tourn"]
[EventCountry "GER"]
[SourceTitle "playchess.com"]
[Source "ChessBase"]
[SourceQuality "1"]
[WhiteTeam "Hessen 1"]
[BlackTeam "Hamburg"]
[TimeControl "40/5400+30:1800+30"]

1. c4 c5 2. Nc3 b6 3. Nf3 Bb7 4. g3 e6 5. Bg2 Nf6 6. O-O d6 7. d4 cxd4 8. Nxd4 Bxg2 9. Kxg2 a6 10. Qd3 Nbd7 11. b3 Rc8 12. Bb2 Be7 13. Nf3 O-O 14. Rfd1 Rc7 15. Qd4 Qa8 16. Kg1 Rfc8 17. Ng5 e5 18. Qe3 Ng4 19. Qd2 Ndf6 20. Nf3 Ne4 21. Nxe4 Qxe4 22. Qd3 Qg6 23. Qxg6 hxg6 24. Ba3 Rd8 25. Rd2 f6 26. Rad1 Rcd7 1/2-1/2

[Event "DFMMLV 2019"]
[Site "Braunfels"]
[Date "2019.06.23"]
[Round "5.40"]
[White "Hoelzer, Jeanette"]
[Black "Heymann-Lobzhanidze, Anna-Luise"]
[Result "0-1"]
[ECO "B07"]
[WhiteElo "1662"]
[BlackElo "1950"]
[Annotator "NA"]
[PlyCount "78"]
[EventDate "2019.06.20"]
[EventType "team-tourn"]
[EventCountry "GER"]
[SourceTitle "playchess.com"]
[Source "ChessBase"]
[SourceQuality "1"]
[WhiteTeam "Hamburg"]
[BlackTeam "Hessen 1"]
[TimeControl "40/5400+30:1800+30"]

1. e4 d6 2. d4 Nf6 3. Nc3 g6 4. f3 Bg7 5. Be3 c6 6. Qd2 b5 7. O-O-O b4 8. Nce2 Qa5 9. Kb1 Nbd7 10. Bh6 Bxh6 11. Qxh6 c5 12. Nc1 cxd4 13. Nb3 Qb6 14. Nxd4 a5 15. Nge2 Ba6 16. Nc1 a4 17. Bxa6 Rxa6 18. Rhe1 a3 19. b3 Qc5 20. Nde2 Rc6 21. Rd2 Ne5 22. Nd3 Nxd3 23. cxd3 Qf2 24. Red1 Rc5 25. Nf4 Qe3 26. Re2 Qd4 27. Red2 Rc7 28. Ne2 Qf2 29. Nf4 Qe3 30. Re2 Qd4 31. Red2 Rg8 32. h4 Kd7 33. Ne2 Qf2 34. Qg5 Rc5 35. Ng1 Qd4 36. Qg3 Rgc8 37. Qf2 Qa1+ 38. Kxa1 Rc1+ 39. Rxc1 Rxc1# 0-1

[Event "DFMMLV 2019"]
[Site "Braunfels"]
[Date "2019.06.23"]
[Round "5.41"]
[White "Bardorz, Jana"]
[Black "Tornay, Haizea"]
[Result "1-0"]
[ECO "B13"]
[WhiteElo "1769"]
[BlackElo "1598"]
[Annotator "NA"]
[PlyCount "99"]
[EventDate "2019.06.20"]
[EventType "team-tourn"]
[EventCountry "GER"]
[SourceTitle "playchess.com"]
[Source "ChessBase"]
[SourceQuality "1"]
[WhiteTeam "Bayern 2"]
[BlackTeam "Hessen 2"]
[TimeControl "40/5400+30:1800+30"]

1. e4 c6 2. d4 d5 3. exd5 cxd5 4. Bd3 Nc6 5. c3 Qc7 6. Ne2 Bg4 7. f3 Bh5 8. Bf4 Qb6 9. Nd2 e6 10. O-O Nf6 11. Qc2 Bg6 12. Bg3 Rc8 13. Qb1 Be7 14. f4 Nh5 15. f5 exf5 16. Bxf5 O-O 17. Kh1 Nxg3+ 18. Nxg3 Bd6 19. Ne2 Rce8 20. Bxg6 fxg6 21. Rxf8+ Rxf8 22. Nf3 Re8 23. Qc2 Qa6 24. Neg1 Qc4 25. b3 Qa6 26. Re1 Rxe1 27. Nxe1 Qf1 28. Qe2 Qxe2 29. Nxe2 Kf7 30. Kg1 Ke6 31. Kf2 Bc7 32. Nd3 Kf5 33. Kf3 Ne7 34. c4 Bb6 35. Ndf4 Nc6 36. c5 Ba5 37. Nxd5 g5 38. Ne3+ Kf6 39. g4 g6 40. Ke4 Bc7 41. Nd5+ Kf7 42. Nxc7 Nb4 43. a3 Nc2 44. d5 Ke7 45. Nb5 a6 46. Ned4 Nxd4 47. Nxd4 Kd7 48. Ke5 Ke7 49. b4 h6 50. d6+ 1-0

[Event "DFMMLV 2019"]
[Site "Braunfels"]
[Date "2019.06.23"]
[Round "5.42"]
[White "Krausse, Vanessa"]
[Black "Todorova, Kalina"]
[Result "0-1"]
[ECO "B43"]
[WhiteElo "1645"]
[BlackElo "1796"]
[Annotator "NA"]
[PlyCount "76"]
[EventDate "2019.06.20"]
[EventType "team-tourn"]
[EventCountry "GER"]
[SourceTitle "playchess.com"]
[Source "ChessBase"]
[SourceQuality "1"]
[WhiteTeam "Hessen 2"]
[BlackTeam "Bayern 2"]
[TimeControl "40/5400+30:1800+30"]

1. e4 c5 2. Nf3 e6 3. d4 cxd4 4. Nxd4 a6 5. Nc3 Qc7 6. Be3 Nf6 7. f3 Bc5 8. Qd2 b5 9. Be2 Bb7 10. Ndxb5 axb5 11. Nxb5 Qb6 12. Bxc5 Qxc5 13. Nd6+ Ke7 14. Nxb7 Qb6 15. e5 Ne8 16. Nd6 Qxb2 17. O-O Qxe5 18. Ne4 Nc6 19. Rfd1 d5 20. Nc3 Nc7 21. Nb5 Rhb8 22. Nxc7 Qxc7 23. c4 dxc4 24. Bxc4 Qb6+ 25. Kh1 Rd8 26. Qg5+ Kf8 27. Rxd8+ Rxd8 28. Qb5 Qd4 29. Rg1 Ne5 30. Be2 g6 31. a4 Qe3 32. a5 Rd2 33. Qb4+ Kg7 34. Bb5 Nxf3 35. Rf1 Ng5 36. Qf4 Qxf4 37. Rxf4 Rd5 38. Be8 Rd1+ 0-1

[Event "DFMMLV 2019"]
[Site "Braunfels"]
[Date "2019.06.23"]
[Round "5.43"]
[White "Alsheimer, Lea"]
[Black "Buchholz, Maja"]
[Result "1-0"]
[ECO "B08"]
[WhiteElo "1707"]
[BlackElo "1657"]
[Annotator "NA"]
[PlyCount "37"]
[EventDate "2019.06.20"]
[EventType "team-tourn"]
[EventCountry "GER"]
[SourceTitle "playchess.com"]
[Source "ChessBase"]
[SourceQuality "1"]
[WhiteTeam "Bayern 2"]
[BlackTeam "Hessen 2"]
[TimeControl "40/5400+30:1800+30"]

1. d4 Nf6 2. Nf3 g6 3. Nc3 Bg7 4. e4 d6 5. Bf4 O-O 6. Qd2 Re8 7. O-O-O c6 8. Bh6 Bh8 9. h4 b5 10. Bd3 b4 11. Ne2 a5 12. h5 Ba6 13. hxg6 fxg6 14. e5 Bxd3 15. exf6 Bxe2 16. f7+ Kxf7 17. Qxe2 Nd7 18. Ng5+ Kg8 19. Qe6# 1-0

[Event "DFMMLV 2019"]
[Site "Braunfels"]
[Date "2019.06.23"]
[Round "5.44"]
[White "Goetz, Fenja"]
[Black "Pavlov, Liliane"]
[Result "0-1"]
[ECO "B91"]
[WhiteElo "1528"]
[BlackElo "1619"]
[Annotator "NA"]
[PlyCount "68"]
[EventDate "2019.06.20"]
[EventType "team-tourn"]
[EventCountry "GER"]
[SourceTitle "playchess.com"]
[Source "ChessBase"]
[SourceQuality "1"]
[WhiteTeam "Hessen 2"]
[BlackTeam "Bayern 2"]
[TimeControl "40/5400+30:1800+30"]

1. e4 c5 2. Nf3 d6 3. d4 cxd4 4. Nxd4 Nf6 5. Nc3 a6 6. g3 e5 7. Nf3 Be7 8. Bg2 O-O 9. O-O h6 10. Qd3 Be6 11. Rd1 Nbd7 12. Nh4 Nc5 13. Qe2 Rc8 14. Nf5 b5 15. Nxe7+ Qxe7 16. a3 Rfd8 17. Be3 Bc4 18. Qe1 Ng4 19. Bc1 Qa7 20. Nd5 Ne6 21. h3 Bxd5 22. exd5 Nd4 23. hxg4 Nxc2 24. Qe2 Nxa1 25. Be3 Rc2 26. Bxa7 Rxe2 27. Rxa1 Rxb2 28. Rc1 Rb3 29. Ra1 Rc8 30. Kf1 Kf8 31. Ke1 Rcc3 32. a4 b4 33. Bf1 Ra3 34. Rxa3 bxa3 0-1

[Event "DFMMLV 2019"]
[Site "Braunfels"]
[Date "2019.06.23"]
[Round "5.44"]
[White "Schwegler, Jelena"]
[Black "Pavlov, Liliane"]
[Result "*"]
[ECO "B90"]
[WhiteElo "1511"]
[BlackElo "1619"]
[Annotator "NA"]
[PlyCount "41"]
[EventDate "2019.06.20"]
[EventType "team-tourn"]
[EventCountry "GER"]
[SourceTitle "playchess.com"]
[Source "ChessBase"]
[SourceQuality "1"]
[WhiteTeam "Hessen 2"]
[BlackTeam "Bayern 2"]
[TimeControl "40/5400+30:1800+30"]

1. e4 c5 2. Nf3 d6 3. d4 cxd4 4. Nxd4 Nf6 5. Nc3 a6 6. g3 e5 7. Nf3 Be7 8. Bg2 O-O 9. O-O h6 10. Qd3 Be6 11. Rd1 Nbd7 12. Nh4 Nc5 13. Qe2 Rc8 14. Nf5 b5 15. Nxe7+ Qxe7 16. a3 Rfd8 17. Be3 Bc4 18. Qe1 Ng4 19. Bc1 Qa7 20. Nd5 Ne6 21. h3 *

[Event "DFMMLV 2019"]
[Site "Braunfels"]
[Date "2019.06.23"]
[Round "5.45"]
[White "Schaefer, Ann-Kathrin"]
[Black "Goetz, Fenja"]
[Result "*"]
[ECO "D02"]
[WhiteElo "1714"]
[BlackElo "1528"]
[Annotator "NA"]
[PlyCount "38"]
[EventDate "2019.06.20"]
[EventType "team-tourn"]
[EventCountry "GER"]
[SourceTitle "playchess.com"]
[Source "ChessBase"]
[SourceQuality "1"]
[WhiteTeam "Bayern 2"]
[BlackTeam "Hessen 2"]
[TimeControl "40/5400+30:1800+30"]

1. d4 d5 2. Nf3 Bf5 3. e3 Nf6 4. c4 e6 5. Qb3 Qc8 6. Nc3 c6 7. Bd2 Nbd7 8. cxd5 exd5 9. Rc1 Be7 10. Be2 O-O 11. O-O a6 12. Na4 c5 13. dxc5 Nxc5 14. Nxc5 Bxc5 15. Bb4 b6 16. Nd4 Be4 17. Rc3 Rb8 18. Rfc1 Qd7 19. Bxa6 Qd6 *

[Event "DFMMLV 2019"]
[Site "Braunfels"]
[Date "2019.06.23"]
[Round "5.45"]
[White "Schaefer, Ann-Kathrin"]
[Black "von Beckh, Frieda"]
[Result "0-1"]
[ECO "D02"]
[WhiteElo "1714"]
[BlackElo "1465"]
[Annotator "NA"]
[PlyCount "76"]
[EventDate "2019.06.20"]
[EventType "team-tourn"]
[EventCountry "GER"]
[SourceTitle "playchess.com"]
[Source "ChessBase"]
[SourceQuality "1"]
[WhiteTeam "Bayern 2"]
[BlackTeam "Hessen 2"]
[TimeControl "40/5400+30:1800+30"]

1. d4 d5 2. Nf3 Bf5 3. e3 Nf6 4. c4 e6 5. Qb3 Qc8 6. Nc3 c6 7. Bd2 Nbd7 8. cxd5 exd5 9. Rc1 Be7 10. Be2 O-O 11. O-O a6 12. Na4 c5 13. dxc5 Nxc5 14. Nxc5 Bxc5 15. Bb4 b6 16. Nd4 Be4 17. Rc3 Rb8 18. Rfc1 Qd7 19. Bxa6 Qd6 20. Nb5 Qe6 21. f3 Bf5 22. Bxc5 bxc5 23. Qa3 Nd7 24. Rd1 Ne5 25. Nc7 Qg6 26. Be2 Bh3 27. g3 Qf5 28. Kf2 Nxf3 29. Rxd5 Ne5+ 30. Ke1 Qb1+ 31. Rd1 Qe4 32. Kd2 Rfd8+ 33. Kc1 Bf5 34. Rd5 Qb1+ 35. Kd2 Rxb2+ 36. Qxb2 Qxb2+ 37. Rc2 Qxc2+ 38. Ke1 Rxd5 0-1

[Event "DFMMLV 2019"]
[Site "Braunfels"]
[Date "2019.06.23"]
[Round "5.46"]
[White "von Beckh, Frieda"]
[Black "Albayrak, Nese Pinar"]
[Result "*"]
[ECO "D02"]
[WhiteElo "1465"]
[BlackElo "1530"]
[Annotator "NA"]
[PlyCount "27"]
[EventDate "2019.06.20"]
[EventType "team-tourn"]
[EventCountry "GER"]
[SourceTitle "playchess.com"]
[Source "ChessBase"]
[SourceQuality "1"]
[WhiteTeam "Hessen 2"]
[BlackTeam "Bayern 2"]
[TimeControl "40/5400+30:1800+30"]

1. d4 d5 2. Bf4 c6 3. e3 Bf5 4. c4 Nf6 5. Nc3 e6 6. Nf3 Nbd7 7. Be2 Be7 8. O-O O-O 9. h3 Re8 10. Rc1 Nf8 11. cxd5 exd5 12. Qb3 Qb6 13. Qxb6 axb6 14. a4 *